 Dungeon Crawl Stone Soup version 0.29-a0-330-g52719c12eb (webtiles) character file.

Game seed: 9984563645446164986

1545 zishaf the Reanimator (level 8, 0/65 HPs)
             Began as a Mummy Necromancer on Apr 12, 2022.
             Slain by an orc priest
             ... wielding a +0 hand axe
              (4 damage)
             ... on level 5 of the Dungeon.
             The game lasted 00:17:47 (6208 turns).

zishaf the Reanimator (Mummy Necromancer)           Turns: 6208, Time: 00:17:48

Health: 0/65       AC:  5    Str: 11    XL:     8   Next: 56%
Magic:  1/15       EV: 12    Int: 17    God:
Gold:   225        SH:  5    Dex: 12    Spells: 9/17 levels left

rFire   x . .      SeeInvis .   a - +2 dagger (drain)
rCold   + . .      Faith    .   (no shield)
rNeg    + + +      Spirit   .   o - +0 robe
rPois   ∞          Reflect  +   m - +0 helmet
rElec   .          Harm     .   u - +0 cloak
rCorr   .          Rampage  .   j - +0 pair of gloves
Will    +....                   (no boots)
Stlth   ++........              k - amulet of reflection
HPRegen 0.20/turn               s - +4 ring of slaying
MPRegen 0.14/turn               (no ring)

@: no status effects
A: cold resistance 1, negative energy resistance 3, torment resistance 2, heat
vulnerability 1, in touch with death 1, no potions
a: no special abilities


You were on level 5 of the Dungeon.
You visited 1 branch of the dungeon, and saw 5 of its levels.

You collected 225 gold pieces.

Inventory:

Hand Weapons
 a - a +2 dagger of draining (weapon)
 q - a +1 spear of venom
 r - a +2 dagger of protection
 t - a +3 quarterstaff of chaos
Missiles
 n - a throwing net
Armour
 j - a +0 pair of gloves (worn)
 m - a +0 helmet (worn)
 o - a +0 robe (worn)
 u - a +0 cloak (worn)
Jewellery
 e - an amulet of regeneration
 k - an amulet of reflection (around neck)
 s - a +4 ring of slaying (left hand)
 w - a ring of fire
 x - a ring of willpower
Scrolls
 b - a scroll of torment
 c - a scroll of vulnerability
 d - a scroll of enchant weapon
 g - 3 scrolls of teleportation
 h - a scroll of fog
 l - 2 scrolls of magic mapping {unknown}
 p - a scroll of immolation {unknown}
 v - a scroll of fear {unknown}


   Skills:
 + Level 6.6 Fighting
 - Level 1.5 Dodging
 - Level 1.5 Stealth
 - Level 5.0 Spellcasting
 * Level 8.6 Necromancy


You had 9 spell levels left.
You knew the following spells:

 Your Spells              Type           Power      Damage    Failure   Level
a - Pain                  Necr           100%       1d9       1%          1
b - Vampiric Draining     Necr           50%        2d9       1%          3
c - Animate Dead          Necr           25%        N/A       4%          4

Your spell library contained the following spells:

 Spells                   Type           Power      Damage    Failure   Level
 Animate Skeleton         Necr           100%       N/A       1%          1
 Agony                    Necr           50%        N/A       12%         5
 Magic Dart               Conj           16%        1d3       14%         1
 Searing Ray              Conj           8%         2d4       22%         2
 Confusing Touch          Hex            4%         N/A       38%         3
 Fulminant Prism          Conj/Hex       2%         3d6       80%         4
 Yara's Violent Unravell  Hex/Tmut       2%         3d3       98%         5
 Enfeeble                 Hex            2%         N/A       100%        7


Dungeon Overview and Level Annotations

Branches:
Dungeon (5/15)             Temple (0/1) D:5

Altars:
Uskayaw
Vehumet
Yredelemnul

Annotations:
D:4 1 runed translucent door, GigaChad's ghost, weakling MiCK
D:5 exclusion: statue


Innate Abilities, Weirdness & Mutations

You are immune to poison.
Your flesh is cold resistant. (rC+)
You are immune to negative energy. (rN+++)
You are immune to unholy pain and torment.
You are vulnerable to heat. (rF-)
You are in touch with the powers of death.
You do not drink.


Message History

* * * LOW HITPOINT WARNING * * *
Casting: Vampiric Draining (safe; 1% risk of failure)
Confirm with . or Enter, or press ? or * to list all spells.
Aiming: Vampiric Draining (safe; 1% risk of failure)
Press: ? - help, Shift-Dir - straight line, f - orc priest
Aim: an orc priest, wielding a +0 hand axe and wearing a +0 ring mail You feel a surge of power!
You draw life force from the orc priest!
You feel life coursing into your body. What are your orders? t - Shout!
Orders for allies: a - Attack new target. p - Attack previous target. r - Retreat! s - Stop attacking. g - Guard the area. f - Follow me.
Anything else - Cancel.
Okay, then.
As you read the scroll labelled HILAGU ISTOAGA, it crumbles to dust.
You hear a loud clanging noise!
It was a scroll of noise.
You hear a shout!
The orc priest barely misses you.
The orc priest hits you with a +0 war axe.
* * * LOW HITPOINT WARNING * * *
As you read the scroll labelled IGUECRAMNAATS, it crumbles to dust.
The scroll dissolves into smoke.
It was a scroll of fog.
The orc priest barely misses you. x2
The orc priest attacks as you move away!
The orc priest barely misses you.
The orc priest attacks as you move away!
You block the orc priest's attack.
You hit the orc priest but do no damage.
You drain the orc priest.
The orc priest is almost dead.
The orc priest closely misses you.
As you read the scroll labelled GEATUR USOIN, it crumbles to dust.
You speak a Word of immense power!
You are blasted by holy energy!
* * * LOW HITPOINT WARNING * * *
It was a scroll of holy word.
The orc priest hits you with a +0 hand axe.
You die...

.. ## .## .# .. .# ###.
.####### #.###§§# .)!....#
#.(o§§§# .#####.# ##o§###.#
.# #.# #oo§§..# .# #.#
#@§§#### # ## #.# #.§§#
###. ###.# #...# ... #...#
#...#######.##.#. #
##.##### #...#............
# #......#######...#.###).#
###..###..................#
..........................#
##........................#


You could see 3 orc priests.

Vanquished Creatures
  Sigmund (D:3)
  A black bear (D:4)
  An orc warrior (D:4)
  A centaur (D:4)
  3 phantoms
  A gnoll sergeant (D:5)
  A necrophage (D:4)
  A scorpion (D:5)
  4 killer bees (D:4)
  3 orc priests
  A gnoll shaman (D:4)
  A hound (D:5)
  Crazy Yiuf (D:3)
  Ijyb (D:2)
  An orc wizard (D:5)
  Robin (D:2)
  10 gnolls
  10 adders
  3 dart slugs
  6 orcs
  8 endoplasms
  A giant cockroach (D:4)
  22 goblins
  8 hobgoblins
  2 jackals (D:2)
  2 quokkas
  5 ball pythons
  3 bats
  5 frilled lizards
  10 kobolds
  9 rats
127 creatures vanquished.

Vanquished Creatures (collateral kills)
  A gnoll (D:4)
  2 orcs (D:4)
3 creatures vanquished.

Vanquished Creatures (others)
  A fungus (D:3)
  3 plants
4 creatures vanquished.

Grand Total: 134 creatures vanquished

Notes
Turn   | Place    | Note
-------+----------+-------------------------------------------
     0 | D:1      | zishaf the Mummy Necromancer began the quest for the Orb.
     0 | D:1      | Reached XP level 1. HP: 13/13 MP: 4/4
   233 | D:1      | Reached XP level 2. HP: 20/20 MP: 0/6
   329 | D:1      | Reached skill level 1 in Fighting
  1126 | D:2      | Gained mutation: You are in touch with the powers of death.
                  | [Mummy growth]
  1126 | D:2      | Reached XP level 3. HP: 23/26 MP: 2/7
  1218 | D:2      | Learned a level 3 spell: Vampiric Draining
  1448 | D:2      | Noticed Robin
  1460 | D:2      | Killed Robin
  1788 | D:2      | Reached XP level 4. HP: 33/33 MP: 7/9
  1850 | D:2      | Learned a level 4 spell: Animate Dead
  1919 | D:2      | Noticed Ijyb
  1928 | D:2      | Killed Ijyb
  1929 | D:2      | Reached XP level 5. HP: 20/39 MP: 1/11
  2436 | D:2      | Reached skill level 5 in Necromancy
  2502 | D:3      | Found a basalt altar of Yredelemnul.
  2532 | D:3      | Noticed Sigmund
  2549 | D:3      | Killed Sigmund
  2550 | D:3      | Reached skill level 5 in Spellcasting
  2550 | D:3      | Reached XP level 6. HP: 37/47 MP: 5/13
  2810 | D:3      | Noticed a +0 hand axe
  2810 | D:3      | Noticed a +0 hand axe
  2812 | D:3      | Found a hide-covered altar of Uskayaw.
  2838 | D:3      | You fall into a shaft and drop 1 floor!
  2895 | D:4      | Reached skill level 6 in Necromancy
  2967 | D:4      | Reached XP level 7. HP: 25/55 MP: 14/14
  3619 | D:3      | Found a runed translucent door.
  3620 | D:3      | Noticed Crazy Yiuf
  3990 | D:3      | Found a faded altar of an unknown god.
  4199 | D:3      | Killed Crazy Yiuf
  4285 | D:4      | Reached skill level 5 in Fighting
  4475 | D:4      | Reached skill level 7 in Necromancy
  4789 | D:4      | Reached XP level 8. HP: 60/64 MP: 15/15
  5172 | D:4      | Noticed GigaChad's ghost (weakling MiCK)
  5175 | D:4      | Found a runed translucent door.
  5357 | D:5      | Entered Level 5 of the Dungeon
  5731 | D:5      | Found a radiant altar of Vehumet.
  5750 | D:5      | Found a staircase to the Ecumenical Temple.
  5799 | D:5      | Reached skill level 8 in Necromancy
  6208 | D:5      | Slain by an orc priest

Illustrated notes

Levels and vault maps discovered:
D:1:      lightli_arrival_windingriver, layout_loops_ring, kennysheep_crisscross
D:2:      kennysheep_the_goblin_king, layout_loops_corners, uniq_robin
D:3:      minmay_spotlight, layout_basic, yredelemnul_altar_generic,
          dancing_weapons_uskayaw, shapermc_ecumenical_altar_acropolis,
          chequers_garden, uniq_sigmund, uniq_crazy_yiuf_cottage
D:4:      layout_gridville, serial_forest, infiniplex_forest_lined_ring,
          infiniplex_forest_corner_1, infiniplex_forest_lined_corner,
          infiniplex_forest_lined_corner, infiniplex_forest_straight_4,
          infiniplex_forest_zigzag_2, infiniplex_forest_clump_C,
          hellmonk_ghost_happy_afterlife, hangedman_decor_growths
D:5:      layout_loops_cross, vehumet_statue,
          minmay_temple_entry_statues_pillars, uniq_blork_the_orc

Skill      XL: |  1  2  3  4  5  6  7  8 |
---------------+-------------------------+-----
Spellcasting   | 3 4 5 |  5.0
Fighting       | 1 2 3 4 5 6 |  6.6
Necromancy     | 5 6 7 8 |  8.6
Dodging        | |  1.5
Stealth        | |  1.5

Action                   |  1- 3 |  4- 6 |  7- 9 || total
-------------------------+-------+-------+-------++-------
Melee: Unarmed           |     3 |       |       ||     3
       Dagger            |    12 |    93 |   172 ||   277
       Punch             |       |     1 |     1 ||     2
 Cast: Pain              |    69 |    14 |     2 ||    85
       Vampiric Draining |       |     8 |    14 ||    22
       Animate Dead      |       |       |     5 ||     5
Evoke: Wand              |       |     4 |     3 ||     7
  Use: Scroll            |       |       |     7 ||     7
 Stab: Sleeping          |       |       |     2 ||     2
       Distracted        |       |       |     1 ||     1
Armor: Robe              |     4 |    12 |    42 ||    58
Dodge: Dodged            |    13 |    39 |   110 ||   162
Block: Other             |     3 |    14 |    43 ||    60
       Reflection        |       |     1 |       ||     1

Table legend: (Time is in decaauts)
 A = Elapsed time spent in this place.
 B = Non-inter-level travel time spent in this place.
 C = Inter-level travel time spent in this place.
 D = Time resting spent in this place.
 E = Time spent auto-exploring this place.
 F = Levels seen in this place.
 G = Mean time per level.
                   A        B        C        D        E       F      G
               +--------+--------+--------+--------+--------+-----+--------+
         Total |   6217 |   6132 |     85 |    809 |   3794 |   5 | 1243.4 |
       Dungeon |   6217 |   6132 |     85 |    809 |   3794 |   5 | 1243.4 |
               +--------+--------+--------+--------+--------+-----+--------+

Top non-repeatable levels by time:
     D:4: 2052 daAuts
     D:2: 1481 daAuts
     D:3: 1101 daAuts
     D:1: 1015 daAuts
     D:5: 566 daAuts
